 Dungeon Sprint DCSS version 0.27.1-34-g3ba077fa99 (webtiles) character file.

Game seed: 6435003124794493799

187 Groucho the Shield-Bearer (level 5, -2/37 HPs)
             Began as a Gargoyle Fighter on Jan 24, 2022.
             Was an Initiate of Cheibriados.
             Slain by a two-headed ogre (15 damage)
             ... in the Dungeon (Sprint IX: "|||||||||||||||||||||||||||||").
             The game lasted 00:01:53 (343 turns).

Groucho the Shield-Bearer (Gargoyle Fighter)         Turns: 343, Time: 00:01:54

Health: -2/37      AC: 18    Str: 20    XL:     5   Next: 66%
Magic:  5/5        EV:  6    Int: 15    God:    Cheibriados [......]
Gold:   0          SH: 11    Dex: 17    Spells: 4/4 levels left

rFire    . . .     SeeInvis .   m - +1 broad axe of the Seven Servitors {vorpal, Will++ Int+5}
rCold    . . .     Faith    .   c - +0 kite shield
rNeg     + . .     Spirit   .   p - +1 chain mail
rPois    ∞         Reflect  .   (no helmet)
rElec    +         Harm     .   (no cloak)
rCorr    .         Rampage  .   n - +0 pair of gloves
Will     ++...     NoTele   +   o - +0 pair of boots
Stlth    ..........             (no amulet)
HPRegen  0.12/turn              b - +3 ring of dexterity
MPRegen  0.09/turn              q - +3 ring of dexterity

@: very slightly contaminated, invisible, very slow
A: sickness immunity, AC +4, negative energy resistance 1, electricity
resistance, torment resistance 1, petrification resistance
a: Renounce Religion, Bend Time


You were in the Dungeon.
You worshipped Cheibriados.
Cheibriados was noncommittal.
You visited 1 branch

Inventory:

Hand Weapons
 a - a +0 flail
 m - the +1 broad axe of the Seven Servitors (weapon) {vorpal, Will++ Int+5}
   (You found it in the Dungeon)

   It inflicts extra damage upon your enemies.
   Int:       It affects your intelligence (+5).
   Will:      It greatly increases your willpower.
Armour
 c - a +0 kite shield (worn)
 n - a +0 pair of gloves (worn)
 o - a +0 pair of boots (worn)
 p - a +1 chain mail (worn)
Jewellery
 b - a +3 ring of dexterity (left hand)
 q - a +3 ring of dexterity (right hand)
Wands
 l - a wand of iceblast (10)
Scrolls
 j - 2 scrolls of blinking
 k - 2 scrolls of amnesia
Potions
 d - a potion of might
 e - 4 potions of curing
 g - a potion of haste
 h - 4 potions of magic
 i - 2 potions of heal wounds


   Skills:
 + Level 6.9 Fighting
 + Level 0.0(3.2) Axes
 - Level 5.8 Maces & Flails
 + Level 6.9 Armour
 + Level 6.9 Shields
 + Level 0.0 Invocations


You had 4 spell levels left.
You didn't know any spells.
Your spell library was empty.

Dungeon Overview and Level Annotations

Branches:
Dungeon (1/1)

Altars:
Cheibriados
Dithmenos
Elyvilon
Fedhas
Gozag
Hepliaklqana
Kikubaaqudgha
Makhleb
Nemelex Xobeh
Okawaru
Qazlal
Ru
Sif Muna
Trog
Uskayaw
Vehumet
Wu Jian
Xom
Yredelemnul
Zin
The Shining One
Beogh
Jiyva
Lugonu


Innate Abilities, Weirdness & Mutations

You are immune to sickness and miasma.
Your stone body is resilient. (AC +4)
You are immune to poison.
You resist negative energy. (rN+)
You are resistant to electric shocks. (rElec)
You are resistant to unholy torment.
You are immune to petrification.


Message History

b - a +3 ring of dexterity (left hand)
You feel agile.
q - a +3 ring of dexterity (right hand) Unknown command.
You open the door.
A gnoll sergeant, 2 orcs, 2 two-headed ogres and a wraith come into view.
The orc wizard shouts!
The gnoll sergeant shouts!
The two-headed ogre shouts in stereo!
The orc warrior shouts!
Unknown command.
You hit the orc warrior.
The orc warrior is moderately wounded.
The orc wizard gestures wildly while chanting.
The orc wizard flickers and vanishes!
Deactivating autopickup; reactivate with Ctrl-A.
Unknown command.
You fade into invisibility!
You block the two-headed ogre's attack. The two-headed ogre closely misses you.
You are very lightly contaminated with residual magic.
You hit the two-headed ogre.
The two-headed ogre is lightly wounded.
The two-headed ogre hits you but does no damage.
The two-headed ogre barely misses you.
You closely miss the two-headed ogre.
The two-headed ogre is lightly wounded.
The two-headed ogre hits you with a +0 giant spiked club!!
The two-headed ogre barely misses you.
You hit the two-headed ogre but do no damage.
The two-headed ogre is lightly wounded.
You block the two-headed ogre's attack.
The two-headed ogre hits you with a +0 giant spiked club.
You slash the two-headed ogre!
The two-headed ogre is moderately wounded.
The two-headed ogre hits you with a +0 giant spiked club!
* * * LOW HITPOINT WARNING * * *
You block the two-headed ogre's attack.
Unknown command.
Unknown command.
You feel better.
The two-headed ogre hits you with a +0 giant spiked club!
You die...

▓.▓
▓.▓
▓O▓
▓W▓
▓g▓
▓o▓
▓O▓
▓@▓
▓.▓
▓[▓
▓.▓
▓.▓
▓.▓
▓)▓
▓.▓
▓.▓


You could see 2 two-headed ogres, a wraith, an orc warrior and a gnoll sergeant.

Vanquished Creatures
  A necrophage (D)
  An ogre (D)
  2 adders (D)
  A bat (D)
  A giant cockroach (D)
  2 kobolds (D)
  A ball python skeleton (D)
  A rat (D)
10 creatures vanquished.

Notes
Turn   | Place    | Note
-------+----------+-------------------------------------------
     0 | D        | Groucho the Gargoyle Fighter began the quest for the Orb.
     0 | D        | Reached XP level 1. HP: 14/14 MP: 1/1
    37 | D        | Noticed a necrophage
    37 | D        | Noticed an ogre
    42 | D        | Killed an ogre
    43 | D        | Reached skill level 5 in Fighting
    43 | D        | Reached skill level 5 in Armour
    43 | D        | Reached skill level 5 in Shields
    43 | D        | Reached XP level 2. HP: 6/22 MP: 2/2
    43 | D        | Reached XP level 3. HP: 8/27 MP: 3/3
    43 | D        | Reached XP level 4. HP: 9/32 MP: 4/4
    49 | D        | Killed a necrophage
    50 | D        | Reached skill level 5 in Maces & Flails
    50 | D        | Reached XP level 5. HP: 10/37 MP: 5/5
   265 | D        | Found a snail-covered altar of Cheibriados.
   265 | D        | Found a shadowy altar of Dithmenos.
   265 | D        | Found a white marble altar of Elyvilon.
   265 | D        | Found a blossoming altar of Fedhas.
   265 | D        | Found an opulent altar of Gozag.
   266 | D        | Found a hazy altar of Hepliaklqana.
   267 | D        | Found a viscous altar of Jiyva.
   268 | D        | Found an ancient bone altar of Kikubaaqudgha.
   269 | D        | Became a worshipper of Cheibriados the Contemplative
   270 | D        | Found a corrupted altar of Lugonu.
   271 | D        | Found a burning altar of Makhleb.
   272 | D        | Found a sparkling altar of Nemelex Xobeh.
   273 | D        | Found an iron altar of Okawaru.
   274 | D        | Found a stormy altar of Qazlal.
   275 | D        | Found a sacrificial altar of Ru.
   276 | D        | Found a shimmering blue altar of Sif Muna.
   277 | D        | Found a bloodstained altar of Trog.
   278 | D        | Found a hide-covered altar of Uskayaw.
   279 | D        | Found a radiant altar of Vehumet.
   280 | D        | Found an ornate altar of the Wu Jian Council.
   281 | D        | Found a shimmering altar of Xom.
   282 | D        | Found a basalt altar of Yredelemnul.
   283 | D        | Found a glowing silver altar of Zin.
   284 | D        | Found a glowing golden altar of the Shining One.
   292 | D        | Found the +7 mace of Variability {chain chaos}
   300 | D        | Got the +1 broad axe of the Seven Servitors {vorpal, Will++
                  | Int+5}
   336 | D        | Noticed a two-headed ogre
   336 | D        | Noticed a wraith
   336 | D        | Noticed a two-headed ogre
   336 | D        | Noticed an orc warrior
   343 | D        | Slain by a two-headed ogre

Illustrated notes

Levels and vault maps discovered:
D:        linesprint [early_d, line_temple, items_1, d_10, items_2, lair_1,
          lair_end, items_3, orc_1, orc_end, items_4, d_15, swamp_1, shoals_1,
          snake_1, spider_1, d_20, vaults_1, items_5, swamp_end, shoals_end,
          snake_end, spider_end, vaults_end, d_27, items_6, zot_1, zot_end,
          crypt_end, forest_end, elf_end, slime_end, tomb_end, abyss_end,
          pan_hell_end]

Skill      XL: |  1  2  3  4 |
---------------+-------------+-----
Fighting       | 5 6 |  6.9
Maces & Flails | 4 5 |  5.8
Armour         | 5 6 |  6.9
Shields        | 5 6 |  6.9

Action                   |  1- 3 |  4- 6 || total
-------------------------+-------+-------++-------
Melee: Flail             |    25 |    25 ||    50
       Broad axe         |       |     5 ||     5
  Use: Potion            |     1 |     3 ||     4
Armor: Scale mail        |    16 |     8 ||    24
       Chain mail        |       |     1 ||     1
Dodge: Dodged            |     6 |    13 ||    19
Block: Kite shield       |    15 |    23 ||    38
